 Dungeon Crawl Stone Soup version 0.31-a0-361-g0f8bd3a31e (webtiles) character file.

Game seed: 17655968974558895974

8705 AdnanSaban the Basher (level 11, -2/68 HPs)
             Began as a Gargoyle Fighter on July 27, 2023.
             Was a Priest of Okawaru.
             Killed by divine providence
             ... invoked by an orc priest
              (11 damage)
             ... on level 11 of the Dungeon.
             The game lasted 00:17:36 (11395 turns).

AdnanSaban the Basher (Gargoyle Fighter)           Turns: 11395, Time: 00:17:38

Health: -2/68      AC: 26    Str: 31    XL:     11   Next: 35%
Magic:  11/11      EV:  8    Int:  8    God:    Okawaru [***...]
Gold:   615        SH: 11    Dex:  9    Spells: 10/10 levels left

rFire   . . .        I - +4 flail
rCold   . . .        c - +0 buckler
rNeg    + . .        h - +0 plate armour
rPois   ∞            u - +0 helmet
rElec   +            j - +0 cloak
rCorr   .            a - +0 pair of gloves
SInv    .            (no boots)
Will    .....        w - amulet of reflection Stlth
                     r - +6 ring of strength
HPRegen 0.31/turn    H - ring of flight
MPRegen 0.12/turn

%: reflection
@: flying
A: sickness immunity, AC +8, negative energy resistance 1, electricity
resistance, torment resistance 1, petrification resistance
a: Renounce Religion, Heroism


You were on level 11 of the Dungeon.
You worshipped Okawaru.
Okawaru was most pleased with you.
You visited 2 branches of the dungeon, and saw 12 of its levels.
You also visited: Ossuary and Bailey.

You collected 615 gold pieces.

Inventory:

Hand Weapons
 y - a +1 flail of draining
 I - a +4 flail (weapon)
Missiles
 D - a throwing net
 N - 5 javelins
Armour
 a - a +0 pair of gloves (worn)
 c - a +0 buckler (worn)
 h - a +0 plate armour (worn)
 j - a +0 cloak (worn)
 u - a +0 helmet (worn)
Jewellery
 r - a +6 ring of strength (left hand)
 w - an amulet of reflection (around neck)
 G - a ring of wizardry
 H - a ring of flight (right hand)
 L - an amulet of faith
 O - a +5 ring of evasion
Wands
 g - a wand of charming (16)
 p - a wand of flame (17)
 s - a wand of roots (8)
 x - a wand of polymorph (9)
Scrolls
 b - a scroll of amnesia {unknown}
 e - 3 scrolls of fog {unknown}
 f - 6 scrolls of identify {unknown}
 i - 2 scrolls of revelation {unknown}
 m - 2 scrolls of fear {unknown}
 n - 2 scrolls of summoning {unknown}
 o - a scroll of enchant armour {unknown}
 q - 4 scrolls of teleportation {unknown}
 t - 2 scrolls of brand weapon {unknown}
 z - 4 scrolls of immolation {unknown}
 E - a scroll of enchant weapon {unknown}
 F - 2 scrolls of poison {unknown}
 J - a scroll of noise {unknown}
 K - a scroll of vulnerability {unknown}
Potions
 d - 7 potions of might
 k - a potion of degeneration {unknown}
 l - 2 potions of mutation {unknown}
 v - a potion of enlightenment {unknown}
 A - 3 potions of attraction {unknown}
 B - a potion of ambrosia {unknown}
 C - a potion of curing
 M - a potion of lignification {unknown}


   Skills:
 + Level 8.2 Fighting
 + Level 11.0 Maces & Flails
 + Level 1.3 Throwing
 + Level 9.1 Armour
 + Level 2.5 Dodging
 + Level 9.4 Shields


You had 10 spell levels left.
You didn't know any spells.
Your spell library contained the following spells:

 Spells                   Type           Power      Damage    Failure   Level
 Ignite Poison            Fire/Tmut/Pois 0%         N/A       100%        3
 Dispel Undead            Necr           0%         3d6       100%        4
 Freezing Cloud           Conj/Ice/Air   0%         6-21      100%        5
 Cigotuvi's Dreadful Rot  Necr/Pois/Air  Unusable   N/A       N/A         2
 Death Channel            Necr           Unusable   N/A       N/A         6

Dungeon Overview and Level Annotations

Branches:
Dungeon (11/15)            Temple (1/1) D:6            Lair (0/5) D:9
    Orc (0/2) D:10        Ossuary (visited)          Bailey (visited)

Altars:
Ashenzari
Cheibriados
Dithmenos
Elyvilon
Fedhas
Gozag
Hepliaklqana
Kikubaaqudgha
Makhleb
Nemelex Xobeh
Okawaru
Qazlal
Ru
Sif Muna
Trog
Uskayaw
Vehumet
Wu Jian
Xom
Yredelemnul
Zin
The Shining One

Shops:
D:3 =   D:9 =

Annotations:
D:5 2 transporters, Tinttamiau's ghost, novice AtFi


Innate Abilities, Weirdness & Mutations

You are immune to sickness and miasma.
Your stone body is resilient. (AC +8)
You are immune to poison.
You resist negative energy. (rN+)
You are resistant to electric shocks. (rElec)
You are resistant to unholy torment.
You are immune to petrification.


Message History

The orc hits you but does no damage. x2
The vampire mosquito bites you but does no damage.
Items here: $ ))) [ †.
You closely miss the orc. The vampire mosquito bites you.
* * * LOW HITPOINT WARNING * * *
The orc hits you but does no damage. The orc barely misses you.
The orc hits you but does no damage.
The vampire mosquito closely misses you.
You hit the orc but do no damage.
A vampire mosquito comes into view.
The vampire mosquito closely misses you.
You block the orc's attack. The orc barely misses you.
The orc hits you but does no damage.
The vampire mosquito buzzes angrily.
You hit the orc but do no damage.
You hear an angry buzzing noise.
You block the vampire mosquito's attack.
A vampire mosquito comes into view.
You block the vampire mosquito's attack.
The orc hits you but does no damage. You block the orc's attack.
The orc hits you but does no damage.
You sock the orc!
You kill the orc!
Okawaru accepts your kill.
You block the vampire mosquito's attack.
You block the orc's attack. The orc barely misses you.
The vampire mosquito bites you but does no damage.
You closely miss the orc.
The vampire mosquito bites you but does no damage.
An orc comes into view. It is wielding a +0 short sword.
You block the orc's attack. The orc hits you but does no damage.
The orc barely misses you.
The orc shouts!
You sock the orc!
You kill the orc!
Okawaru accepts your kill.
The vampire mosquito barely misses you. x2; You block the orc's attack.
The orc priest calls down the wrath of Beogh upon you.
Beogh smites you!
You die...

##.# ##.## #.#.# ...#
#.# # #.#o# #### #.#
#.##.#.# # ##'##
#......# ##...##
####<### ## ##.....##
##..# .# ##.......##
##..##
.###......yy{####)..##
..†'......oyyyWy@o...#
.###......ooo####o..##
.# ##......o## ##..#
## ##.....## ##.# .#
##)))## ##.## .# ##)##
#...# .#######.###
##..# ##.........#####
##.# ##.####........#
#.#


You could see a wraith, 3 orc warriors, 3 vampire mosquitoes, 3 killer bees, an
orc priest and 3 orcs.

Vanquished Creatures
  2 two-headed ogres
  Pikel (D:9)
  A manticore (D:11)
  Joseph (D:9)
  Psyche (D:10)
  Grinder (D:5)
  3 wraiths
  A wyvern (D:10)
  A shadow (D:8)
  A vampire (D:10)
  5 yaks (D:7)
  A steam dragon (D:8)
  A water moccasin (D:8)
  3 ice beasts
  6 orc warriors
  A black bear (D:7)
  2 ogres (D:5)
  2 centaurs (D:9)
  A phantom (D:4)
  A kobold brigand (D:11)
  2 bullfrogs
  A gnoll sergeant (D:10)
  3 scorpions
  3 water moccasin zombies (Ossuary)
  4 wights
  19 killer bees
  2 electric eels (D:10)
  A howler monkey (D:4)
  3 jellies
  4 hounds
  7 orc priests
  An iguana (D:6)
  A sleepcap (D:5)
  Ijyb (D:3)
  5 orc wizards
  2 mummies (Ossuary)
  15 gnolls
  5 adders
  A shadow imp (D:7)
  2 white imps (D:5)
  6 adder zombies (Ossuary)
  A worm (D:3)
  4 dart slugs (D:1)
  48 orcs
  5 bats
  6 endoplasms
  A giant cockroach (D:1)
  12 goblins
  7 hobgoblins
  7 jackals
  4 quokkas
  6 ball pythons
  A frilled lizard (D:1)
  4 gnoll zombies (Ossuary)
  7 hobgoblin zombies (Ossuary)
  9 kobolds
  5 kobold zombies (Ossuary)
  4 orc zombies (Ossuary)
  A rat (D:2)
256 creatures vanquished.

Notes
Turn   | Place    | Note
-------+----------+-------------------------------------------
     0 | D:1      | AdnanSaban the Gargoyle Fighter began the quest for the
                  | Orb.
     0 | D:1      | Reached XP level 1. HP: 14/14 MP: 1/1
   277 | D:1      | Reached XP level 2. HP: 10/19 MP: 2/2
   573 | D:1      | Reached XP level 3. HP: 24/24 MP: 3/3
   751 | D:1      | Found a faded altar of an unknown god.
  1045 | D:2      | Found a snail-covered altar of Cheibriados.
  1334 | D:2      | Reached XP level 4. HP: 19/29 MP: 4/4
  1792 | D:3      | Found an opulent altar of Gozag.
  1795 | D:3      | Reached skill level 3 in Maces & Flails
  2011 | D:3      | Found Wuit's Jewellery Shoppe.
  2231 | D:3      | Noticed Ijyb
  2245 | D:3      | HP: 1/29 [Ijyb/puff of flame (5)]
  2247 | D:3      | Killed Ijyb
  2248 | D:3      | Reached XP level 5. HP: 2/33 MP: 5/5
  2570 | D:4      | Noticed a phantom
  2595 | D:4      | Killed a phantom
  2596 | D:4      | Reached skill level 4 in Maces & Flails
  2957 | D:4      | Reached XP level 6. HP: 38/38 MP: 6/6
  3359 | D:5      | Entered Level 5 of the Dungeon
  3680 | D:5      | Found a stormy altar of Qazlal.
  3683 | D:5      | Found a blossoming altar of Fedhas.
  3710 | D:5      | Reached skill level 5 in Maces & Flails
  3710 | D:5      | Reached XP level 7. HP: 24/44 MP: 7/7
  3931 | D:5      | Reached skill level 1 in Dodging
  4047 | D:5      | Reached skill level 5 in Armour
  4085 | D:5      | Found a transporter.
  4089 | D:5      | Noticed Tinttamiau's ghost (novice AtFi)
  4135 | D:5      | Noticed Grinder
  4149 | D:5      | Found a transporter.
  4427 | D:5      | Paralysed by Grinder for 5 turns
  4439 | D:5      | Paralysed by Grinder for 2 turns
  4441 | D:5      | Killed Grinder
  4442 | D:5      | Reached skill level 5 in Fighting
  4442 | D:5      | Reached skill level 6 in Maces & Flails
  4442 | D:5      | Reached XP level 8. HP: 32/49 MP: 8/8
  4530 | D:5      | Reached skill level 1 in Throwing
  4660 | D:6      | Found a shimmering altar of Xom.
  4768 | D:6      | Found a glowing silver altar of Zin.
  4829 | D:6      | Found a staircase to the Ecumenical Temple.
  4842 | Temple   | Entered the Ecumenical Temple
  4985 | D:6      | Reached skill level 7 in Maces & Flails
  5141 | D:7      | Found a flagged portal.
  5235 | Bailey   | Entered a bailey
  5416 | D:7      | Reached skill level 5 in Shields
  5673 | D:6      | HP: 2/50 [killer bee (3)]
  5681 | D:6      | HP: 2/50 [killer bee (7)]
  5977 | D:7      | Reached XP level 9. HP: 34/55 MP: 9/9
  6180 | D:7      | Found a white marble altar of Elyvilon.
  6511 | D:7      | Found a burning altar of Makhleb.
  6596 | D:7      | Found a broken altar of Ashenzari.
  7002 | D:8      | Found a sand-covered staircase.
  7038 | D:6      | Reached skill level 8 in Maces & Flails
  7412 | Ossuary  | Entered an ossuary
  7628 | D:8      | Reached skill level 9 in Maces & Flails
  7628 | D:8      | Reached XP level 10. HP: 61/61 MP: 10/10
  7700 | D:8      | Found a shadowy altar of Dithmenos.
  8367 | D:8      | Found an iron altar of Okawaru.
  8375 | D:8      | Became a worshipper of Warmaster Okawaru
  8668 | D:9      | Found a staircase to the Lair.
  8668 | D:9      | Noticed Pikel
  8668 | D:9      | Noticed Joseph
  8914 | D:9      | Noticed a two-headed ogre
  9105 | D:9      | Killed Pikel
  9105 | D:9      | Reached * piety under Okawaru
  9119 | D:9      | Found an ornate altar of the Wu Jian Council.
  9171 | D:9      | Killed Joseph
  9172 | D:9      | Reached skill level 10 in Maces & Flails
  9237 | D:8      | Reached ** piety under Okawaru
  9347 | D:9      | Killed a two-headed ogre
  9449 | D:9      | Found Byol's Jewellery Emporium.
  9640 | D:9      | Found a sacrificial altar of Ru.
  9753 | D:10     | Entered Level 10 of the Dungeon
  9753 | D:10     | Found a staircase to the Orcish Mines.
  9774 | D:10     | Reached XP level 11. HP: 51/68 MP: 11/11
  9965 | D:10     | Noticed a two-headed ogre
 10006 | D:10     | Killed a two-headed ogre
 10092 | D:10     | Found a bloodstained altar of Trog.
 10419 | D:10     | Found a hide-covered altar of Uskayaw.
 10672 | D:10     | Noticed Psyche
 10699 | D:10     | Killed Psyche
 10699 | D:10     | Reached *** piety under Okawaru
 11345 | D:11     | Noticed a manticore
 11368 | D:11     | Reached skill level 11 in Maces & Flails
 11381 | D:11     | Killed a manticore
 11395 | D:11     | Killed from afar by an orc priest

Illustrated notes

Levels and vault maps discovered:
D:1:      dpeg_arrival_rooms_a, layout_loops_ring,
          dilly_ecumenical_altar_fadedgnrine, chequers_big_river
D:2:      cheibrodos_helix_gallery, layout_basic, basic_altar
D:3:      layout_loops_ring, grunt_gozag_breadcrumbs, serial_shops,
          nicolae_lakefront_shop, kennysheep_generic_room_8, uniq_ijyb
D:4:      layout_basic, serial_co_window_serial, co_window_of_opportunity_a,
          co_window_corner_a, co_window_paths_b, co_window_paths_a,
          co_window_corner_a, co_window_paths_b, co_window_corner_ca,
          co_window_2corner, co_window_corner_b, co_window_cross_2,
          co_window_corner_ca, co_window_sun, glass_columns_c, glass_columns_b,
          glass_columns_b, glass_columns_c
D:5:      layout_basic, grunt_temple_overflow_forces_of_nature,
          gammafunk_ghost_stat_death, uniq_grinder
D:6:      layout_rooms, lemuel_round_altar, mainiacjoe_overflow_surrounded_room,
          minmay_temple_entry_glassed_door, due_unseen_surprise
D:7:      layout_basic, makhleb_heckhound_becter, mainiacjoe_overflow_alcove_1,
          lemuel_doored_altar, enter_bailey_3, minivault_26
D:8:      layout_rooms, nicolae_dithmenos_the_darkroom, okawaru_gym_becter,
          enter_ossuary_3
D:9:      layout_big_octagon, pdpol_wu_jian_five_deadly_venoms,
          mainiacjoe_overflow_alcove_2, serial_shops,
          nicolae_shop_just_a_little_nook, serial_park_tiny_pond, uniq_pikel,
          uniq_joseph
D:10:     layout_basic, mainiacjoe_overflow_catwalk, old_standard_altar,
          david_orc_3, uniq_psyche
D:11:     layout_loops_corners, serial_demonic, serial_demonic_c,
          serial_demonic_e, serial_demonic_e, serial_demonic_c, special_room
          [special_room_orc]
Temple:   nicolae_temple_superstar

Skill      XL: |  1  2  3  4  5  6  7  8  9 10 11 |
---------------+----------------------------------+-----
Armour         | 4 5 6 7 8 9 |  9.1
Maces & Flails | 3 4 5 6 7 9 10 11 | 11.0
Fighting       | 4 5 6 7 8 |  8.2
Shields        | 4 5 6 8 9 |  9.4
Dodging        | 1 2 |  2.5
Throwing       | 1 |  1.3

Action                     |  1- 3 |  4- 6 |  7- 9 | 10-12 || total
---------------------------+-------+-------+-------+-------++-------
  Melee: Flail             |   102 |   183 |   479 |   371 ||  1135
         Unarmed           |       |       |       |     7 ||     7
  Throw: Dart              |       |     7 |     9 |       ||    16
 Invoke: Heroism           |       |       |       |     1 ||     1
    Use: Potion            |       |       |     3 |     1 ||     4
 Armour: Scale mail        |    30 |       |       |       ||    30
         Chain mail        |    43 |   122 |   149 |       ||   314
         Plate armour      |       |       |   126 |   275 ||   401
  Dodge: Dodged            |    52 |    69 |   210 |   138 ||   469
  Block: Buckler           |    27 |    27 |   233 |   269 ||   556
         Reflection        |       |       |       |     8 ||     8
         Other             |       |       |       |     1 ||     1

Table legend: (Time is in decaauts)
 A = Elapsed time spent in this place.
 B = Non-inter-level travel time spent in this place.
 C = Inter-level travel time spent in this place.
 D = Time resting spent in this place.
 E = Time spent auto-exploring this place.
 F = Levels seen in this place.
 G = Mean time per level.
                   A        B        C        D        E       F      G
               +--------+--------+--------+--------+--------+-----+--------+
         Total |  11502 |  10924 |    578 |   1222 |   6963 |  14 |  821.6 |
       Dungeon |  11125 |  10547 |    578 |   1190 |   6887 |  11 | 1011.4 |
        Temple |      1 |      1 |      0 |      0 |      0 |   1 |    1.0 |
       Ossuary |    207 |    207 |      0 |      0 |     76 |   1 |  207.0 |
        Bailey |    167 |    167 |      0 |     32 |      0 |   1 |  167.0 |
               +--------+--------+--------+--------+--------+-----+--------+

Top non-repeatable levels by time:
     D:7: 1830 daAuts
    D:10: 1376 daAuts
     D:5: 1277 daAuts
     D:8: 1228 daAuts
     D:1: 1077 daAuts
     D:4: 962 daAuts
     D:9: 913 daAuts
     D:3: 876 daAuts
     D:6: 824 daAuts
     D:2: 547 daAuts
    D:11: 210 daAuts
 Ossuary: 207 daAuts
  Bailey: 167 daAuts
  Temple: 1 daAuts
